[Event "WTCC-50 2018"]
[Site "Radebeul"]
[Date "2018.07.07"]
[Round "1"]
[White "Benjamin, Joel"]
[Black "Bowmer, Kevin"]
[Result "1-0"]
[ECO "B52"]
[WhiteElo "2544"]
[BlackElo "2039"]
[Annotator "RC"]
[PlyCount "81"]
[EventDate "2018.07.07"]
[EventType "team-tourn"]
[EventCountry "GER"]
[SourceTitle "playchess.com"]
[Source "ChessBase"]
[SourceQuality "1"]
[TimeControl "40/5400+30:1800+30"]

1. e4 c5 2. Nf3 d6 3. Bb5+ Bd7 4. Bxd7+ Qxd7 5. c4 Nf6 6. Nc3 g6 7. d4 cxd4 8. Nxd4 Bg7 9. f3 O-O 10. Bg5 Nc6 11. Nde2 Qc7 12. b3 Qa5 13. Qd2 a6 14. Rc1 Nd7 15. Nd5 Qxd2+ 16. Kxd2 f6 17. Be3 Rac8 18. Nef4 Kf7 19. Rhd1 f5 20. exf5 gxf5 21. Nh5 Bb2 22. Rc2 Be5 23. f4 Bh8 24. Ke1 e6 25. Nb6 Nxb6 26. Bxb6 Nb4 27. Re2 Ke7 28. Kf1 Rc6 29. Bf2 a5 30. Rde1 d5 31. a3 dxc4 32. axb4 axb4 33. bxc4 b3 34. c5 Ra8 35. Ng3 b2 36. Nxf5+ Kf8 37. Nd4 Ra1 38. Rxb2 Rxe1+ 39. Kxe1 Ra6 40. Rxb7 Ra2 41. Nxe6+ 1-0

[Event "WTCC-50 2018"]
[Site "Radebeul"]
[Date "2018.07.07"]
[Round "1"]
[White "Schlosser, Philipp"]
[Black "Mohs, Juergen"]
[Result "1-0"]
[ECO "A06"]
[WhiteElo "2501"]
[BlackElo "2042"]
[Annotator "ChessBase"]
[PlyCount "109"]
[EventDate "2018.07.07"]
[EventType "team-tourn"]
[EventCountry "GER"]
[SourceTitle "playchess.com"]
[Source "ChessBase"]
[SourceQuality "1"]
[TimeControl "40/5400+30:1800+30"]

1. Nf3 d5 2. g3 c6 3. Bg2 Nd7 4. d4 e6 5. O-O Be7 6. c4 Ngf6 7. Qc2 Ne4 8. b3 f5 9. Ba3 Bxa3 10. Nxa3 O-O 11. Rac1 Qe7 12. Qb2 Ng5 13. Nc2 Nxf3+ 14. exf3 Qf6 15. f4 Nc5 16. Qa3 Na6 17. Rfe1 Rd8 18. Re5 Qf8 19. Qa5 Bd7 20. Bf1 Nb8 21. Rce1 b6 22. Qc3 Qd6 23. h3 a5 24. a3 Na6 25. g4 g6 26. b4 axb4 27. axb4 Nc7 28. c5 bxc5 29. dxc5 Qf8 30. g5 Ra7 31. Ra1 Rxa1 32. Qxa1 Ra8 33. Qc3 Qb8 34. h4 Ra4 35. Be2 Qa8 36. h5 Ra2 37. Re3 gxh5 38. Bxh5 Qf8 39. Nd4 Qg7 40. Be2 Ra8 41. Qd2 Qf8 42. Kg2 Qg7 43. Rh3 Re8 44. Nf3 Ra8 45. Ne5 Be8 46. Qb2 Rb8 47. Ra3 Ra8 48. Rh3 Rb8 49. Qd4 Rc8 50. Ra3 Ra8 51. Ra5 Qe7 52. Nf3 Bh5 53. Qe5 Bxf3+ 54. Kxf3 Qd7 55. Rxa8+ {[%emt 0:00:00] Qe7} 1-0

[Event "WTCC-50 2018"]
[Site "Radebeul"]
[Date "2018.07.07"]
[Round "1"]
[White "Levin, Felix"]
[Black "Goormachtigh, Johan"]
[Result "1-0"]
[ECO "B38"]
[WhiteElo "2466"]
[BlackElo "2148"]
[Annotator "ChessBase"]
[PlyCount "109"]
[EventDate "2018.07.07"]
[EventType "team-tourn"]
[EventCountry "GER"]
[SourceTitle "playchess.com"]
[Source "ChessBase"]
[SourceQuality "1"]
[TimeControl "40/5400+30:1800+30"]

1. c4 c5 2. Nf3 Nc6 3. d4 cxd4 4. Nxd4 g6 5. e4 Bg7 6. Be3 Nf6 7. Nc3 d6 8. Be2 O-O 9. O-O Nxd4 10. Bxd4 Bd7 11. Qd2 Bc6 12. f3 a5 13. b3 Nd7 14. Be3 Nc5 15. Rab1 Be5 16. Bd1 e6 17. a3 Qh4 18. g3 Qe7 19. b4 axb4 20. axb4 Ra3 21. Nb5 Bxb5 22. cxb5 Na4 23. Bxa4 Rxa4 24. f4 Bg7 25. Rfd1 Qd7 26. b6 Qc6 27. Qd3 d5 28. Rbc1 dxe4 29. Qd7 Qxd7 30. Rxd7 Rxb4 31. Bc5 Rb2 32. Bxf8 Bxf8 33. Rxb7 e3 34. Rb8 Kg7 35. b7 Be7 36. Kf1 Rf2+ 37. Kg1 Rb2 38. Rc4 f5 39. Rc1 h6 40. Re1 e2 41. Kg2 g5 42. Kf3 g4+ 43. Ke3 Bc5+ 44. Kd3 Ba7 45. Rxe2 Rxe2 46. Ra8 Rb2 47. Rxa7 Kf6 48. Kc3 Rb1 49. Kc4 h5 50. Kc5 Rb2 51. Kd6 Rd2+ 52. Kc7 Rc2+ 53. Kb8 Rxh2 54. Ra6 Rb2 55. Kc7 1-0

[Event "WTCC-50 2018"]
[Site "Radebeul"]
[Date "2018.07.07"]
[Round "1"]
[White "Hebden, Mark"]
[Black "Goldinger, Peter"]
[Result "1-0"]
[ECO "A46"]
[WhiteElo "2423"]
[BlackElo "2038"]
[Annotator "NA"]
[PlyCount "89"]
[EventDate "2018.07.07"]
[EventType "team-tourn"]
[EventCountry "GER"]
[SourceTitle "playchess.com"]
[Source "ChessBase"]
[SourceQuality "1"]
[TimeControl "40/5400+30:1800+30"]

1. d4 e6 2. Nf3 Nf6 3. e3 b6 4. Bd3 d5 5. O-O Bb7 6. b3 Nbd7 7. Bb2 Ne4 8. c4 Be7 9. Nc3 O-O 10. Rc1 f5 11. Qe2 Bf6 12. Rfd1 c6 13. Rc2 Kh8 14. Rdc1 g5 15. cxd5 exd5 16. Ba6 Nxc3 17. Bxc3 Bxa6 18. Qxa6 Qe7 19. Bb2 Rac8 20. Qxa7 c5 21. Qb7 g4 22. Ne1 f4 23. exf4 Rfe8 24. g3 Qe6 25. Ng2 Rb8 26. Qc7 Rec8 27. f5 Qxf5 28. Qf4 Qg6 29. Ne3 Rf8 30. Nxd5 Bg7 31. Qc7 Qf7 32. Nf4 cxd4 33. Nd3 Rbe8 34. Qc4 Qf6 35. Qd5 Ne5 36. Nxe5 Qxe5 37. Qxe5 Bxe5 38. Rd1 Kg8 39. Bxd4 Rd8 40. Rcd2 Bc7 41. Be3 Rxd2 42. Rxd2 Rd8 43. Rc2 Rd7 44. Rc6 b5 45. Rc5 1-0

[Event "WTCC-50 2018"]
[Site "Radebeul"]
[Date "2018.07.07"]
[Round "1"]
[White "Wolf, Volker"]
[Black "Beltz, Martina"]
[Result "1-0"]
[ECO "B23"]
[WhiteElo "2323"]
[BlackElo "1944"]
[Annotator "NA"]
[PlyCount "43"]
[EventDate "2018.07.07"]
[EventType "team-tourn"]
[EventCountry "GER"]
[SourceTitle "playchess.com"]
[Source "ChessBase"]
[SourceQuality "1"]
[TimeControl "40/5400+30:1800+30"]

1. e4 c5 2. Nc3 d6 3. d4 cxd4 4. Qxd4 Nf6 5. b3 Nc6 6. Qd2 e6 7. Bb2 Be7 8. O-O-O O-O 9. Kb1 Qa5 10. f3 a6 11. Nge2 b5 12. Nf4 Bb7 13. g4 Rac8 14. g5 Nd7 15. h4 Nde5 16. Be2 Rfd8 17. Rhg1 b4 18. Na4 Na7 19. Bd4 Nec6 20. Bb6 Qe5 21. Nd3 Qb5 22. Nf2 1-0

[Event "WTCC-50 2018"]
[Site "Radebeul"]
[Date "2018.07.07"]
[Round "1"]
[White "Wallner, Joachim"]
[Black "Frick, Renato"]
[Result "1-0"]
[ECO "A01"]
[WhiteElo "2311"]
[BlackElo "2051"]
[Annotator "NA"]
[PlyCount "77"]
[EventDate "2018.07.07"]
[EventType "team-tourn"]
[EventCountry "GER"]
[SourceTitle "playchess.com"]
[Source "ChessBase"]
[SourceQuality "1"]
[TimeControl "40/5400+30:1800+30"]

1. b3 e5 2. Bb2 Nc6 3. e3 f5 4. Bb5 d6 5. f4 Bd7 6. fxe5 Nxe5 7. Bxd7+ Qxd7 8. Nf3 Nxf3+ 9. Qxf3 O-O-O 10. O-O Nh6 11. a4 Rg8 12. Nc3 d5 13. Nb5 Kb8 14. Be5 Rc8 15. c4 a6 16. Ra2 Nf7 17. Bxc7+ Rxc7 18. Nxc7 Kxc7 19. Qxf5 Nh6 20. Qxh7 Qe6 21. Rc2 Kb8 22. c5 Be7 23. Qd3 Rc8 24. b4 g6 25. b5 Rxc5 26. Rxc5 Bxc5 27. bxa6 b6 28. a5 Ng4 29. axb6 Bxb6 30. h3 Ne5 31. Qb5 Ka7 32. Rf8 Nc4 33. Re8 Qd6 34. Rg8 Qe7 35. Qxd5 Bxe3+ 36. dxe3 Qxe3+ 37. Kh2 Qf4+ 38. g3 Qf2+ 39. Qg2 1-0

[Event "WTCC-50 2018"]
[Site "Radebeul"]
[Date "2018.07.07"]
[Round "1"]
[White "Fritsche, Lutz"]
[Black "Gempe, Anet"]
[Result "1-0"]
[ECO "C13"]
[WhiteElo "2303"]
[BlackElo "1992"]
[Annotator "NA"]
[PlyCount "101"]
[EventDate "2018.07.07"]
[EventType "team-tourn"]
[EventCountry "GER"]
[SourceTitle "playchess.com"]
[Source "ChessBase"]
[SourceQuality "1"]
[TimeControl "40/5400+30:1800+30"]

1. e4 e6 2. d4 d5 3. Nc3 Nf6 4. Bg5 Be7 5. e5 Nfd7 6. h4 c5 7. Bxe7 Kxe7 8. Nf3 Nc6 9. dxc5 Nxc5 10. Qd2 a6 11. O-O-O b5 12. Qe3 Nd7 13. Ne2 Qa5 14. Kb1 Bb7 15. Qg5+ Kf8 16. Ned4 Nxd4 17. Nxd4 h6 18. Qf4 Ke7 19. Rh3 b4 20. Rf3 Rhf8 21. h5 Nc5 22. Bd3 f5 23. Bxf5 exf5 24. Nxf5+ Kd8 25. Qh4+ Kc7 26. e6 Rg8 27. Qe7+ Kb6 28. Nd6 Qa4 29. a3 a5 30. Nxb7 Nxb7 31. Rxd5 Rae8 32. Qh4 Rxe6 33. Qd4+ Kc7 34. Rf7+ Kc8 35. Qg4 Qc6 36. Rdd7 Qxd7 37. Rxd7 Kxd7 38. axb4 axb4 39. Qxb4 Nd6 40. Qa4+ Ke7 41. Qa7+ Kf6 42. Qd4+ Kf7 43. Qd5 g6 44. f4 Ke7 45. hxg6 Rexg6 46. f5 Rxg2 47. Qe6+ Kf8 48. f6 Nc8 49. f7 Rh8 50. Qe8+ Kg7 51. Qxh8+ 1-0

[Event "WTCC-50 2018"]
[Site "Radebeul"]
[Date "2018.07.07"]
[Round "1"]
[White "Plotkin, Victor"]
[Black "Nuernberger, Thomas"]
[Result "1-0"]
[ECO "B22"]
[WhiteElo "2248"]
[BlackElo "2020"]
[Annotator "NA"]
[PlyCount "123"]
[EventDate "2018.07.07"]
[EventType "team-tourn"]
[EventCountry "GER"]
[SourceTitle "playchess.com"]
[Source "ChessBase"]
[SourceQuality "1"]
[TimeControl "40/5400+30:1800+30"]

1. e4 c5 2. c3 e5 3. Nf3 Nc6 4. Bc4 Be7 5. d4 cxd4 6. cxd4 exd4 7. Nxd4 Nf6 8. Nc3 O-O 9. O-O a6 10. Nf5 b5 11. Bb3 d6 12. Nxe7+ Qxe7 13. Re1 Na5 14. Bc2 Bb7 15. Bf4 Rad8 16. Qd4 Nc4 17. a4 Nh5 18. Bg3 Nxg3 19. hxg3 Qe5 20. Qxe5 dxe5 21. axb5 axb5 22. Ra7 Rd2 23. Re2 Rxe2 24. Nxe2 Nd6 25. Nc3 b4 26. Na2 b3 27. Bxb3 Bxe4 28. Nc3 Bg6 29. Bd5 Rb8 30. b4 Kf8 31. Bc6 Rc8 32. Ra6 Bd3 33. b5 f5 34. f3 e4 35. Kf2 Rb8 36. Bxe4 Nxe4+ 37. fxe4 Bxb5 38. Ra5 Bd7 39. exf5 Rb2+ 40. Kg1 Bc6 41. Nd5 Rd2 42. Nf4 Kf7 43. g4 g6 44. fxg6+ hxg6 45. Kh2 Rc2 46. Kg3 Rb2 47. Rc5 Be4 48. Re5 Bb7 49. Rc5 Be4 50. Kh4 Rb6 51. Kg5 Rb7 52. g3 Bb1 53. Kh6 Be4 54. Ra5 Bb1 55. Ra6 Rb3 56. Ra7+ Kf6 57. Nxg6 Rxg3 58. g5+ Kf5 59. Ra5+ Ke6 60. Re5+ Kf7 61. Re7+ Kg8 62. Rg7# 1-0

[Event "WTCC-50 2018"]
[Site "Radebeul"]
[Date "2018.07.07"]
[Round "1"]
[White "Teo, Kok Siong"]
[Black "Dellos, Peter"]
[Result "1-0"]
[ECO "D45"]
[WhiteElo "2213"]
[BlackElo "1860"]
[Annotator "NA"]
[PlyCount "33"]
[EventDate "2018.07.07"]
[EventType "team-tourn"]
[EventCountry "GER"]
[SourceTitle "playchess.com"]
[Source "ChessBase"]
[SourceQuality "1"]
[TimeControl "40/5400+30:1800+30"]

1. d4 d5 2. c4 c6 3. Nf3 Nf6 4. e3 e6 5. Nc3 Be7 6. b3 O-O 7. Bd3 Nbd7 8. O-O c5 9. Bb2 cxd4 10. exd4 b6 11. cxd5 exd5 12. Ne5 Bb7 13. Rc1 Rc8 14. Qf3 a6 15. Nxd7 Nxd7 16. Nxd5 Nf6 17. Nxf6+ 1-0

[Event "WTCC-50 2018"]
[Site "Radebeul"]
[Date "2018.07.07"]
[Round "1"]
[White "Koehler, Gerhard"]
[Black "De Cat, Ben"]
[Result "1-0"]
[ECO "A10"]
[WhiteElo "2181"]
[BlackElo "1906"]
[Annotator "NA"]
[PlyCount "91"]
[EventDate "2018.07.07"]
[EventType "team-tourn"]
[EventCountry "GER"]
[SourceTitle "playchess.com"]
[Source "ChessBase"]
[SourceQuality "1"]
[TimeControl "40/5400+30:1800+30"]

1. c4 d6 2. Nc3 e5 3. g3 Nf6 4. Bg2 Be7 5. Nf3 c6 6. O-O Bg4 7. h3 Bxf3 8. Bxf3 a5 9. d4 O-O 10. Be3 Nbd7 11. Bg2 Qc7 12. Qd2 Rad8 13. Rfd1 Rfe8 14. Rac1 Nf8 15. d5 Ng6 16. Qc2 Rc8 17. Qb3 c5 18. Nb5 Qb8 19. Qc3 b6 20. Qc2 Rcd8 21. Rf1 Rf8 22. Bd2 Ne8 23. Be4 Nf6 24. Bf5 Nh8 25. h4 g6 26. Bh3 Ne8 27. e4 Ng7 28. Bh6 f6 29. Kg2 Nf7 30. Be3 h6 31. Qd2 Kh7 32. Be6 g5 33. Rh1 Kg6 34. f4 gxf4 35. gxf4 exf4 36. Bxf7+ Kxf7 37. Bxf4 Nh5 38. Kh2 f5 39. Rcf1 Bf6 40. Bxh6 Rh8 41. Rxf5 Rdg8 42. Rhf1 Ke7 43. Rxh5 Qe8 44. Qf4 Rxh6 45. Qxd6+ Kf7 46. Rxh6 1-0

[Event "WTCC-50 2018"]
[Site "Radebeul"]
[Date "2018.07.07"]
[Round "1"]
[White "Simon, Ralf Axel"]
[Black "Wong, Meng Kong"]
[Result "1/2-1/2"]
[ECO "A04"]
[WhiteElo "2156"]
[BlackElo "2248"]
[Annotator "NA"]
[PlyCount "122"]
[EventDate "2018.07.07"]
[EventType "team-tourn"]
[EventCountry "GER"]
[SourceTitle "playchess.com"]
[Source "ChessBase"]
[SourceQuality "1"]
[TimeControl "40/5400+30:1800+30"]

1. Nf3 g6 2. e4 d6 3. d4 Nf6 4. Bd3 Bg7 5. O-O O-O 6. Re1 c5 7. d5 e6 8. c4 Na6 9. Nc3 Nc7 10. Rb1 b6 11. h3 e5 12. Bf1 Nfe8 13. a3 f5 14. b4 Bf6 15. bxc5 bxc5 16. Re2 Ng7 17. Reb2 f4 18. Rb8 Qd7 19. Rxa8 Nxa8 20. Nd2 Bd8 21. Qa4 Qxa4 22. Nxa4 Nb6 23. Nc3 Ne8 24. Nb5 Rf7 25. Nb3 Na4 26. Bd2 a6 27. Nc3 Nxc3 28. Bxc3 Rb7 29. Bd3 Bd7 30. Nd2 Rxb1+ 31. Bxb1 Ba4 32. Kf1 g5 33. Ke2 h5 34. Kd3 g4 35. hxg4 hxg4 36. Bc2 Bxc2+ 37. Kxc2 Bh4 38. f3 Be1 39. Nb3 Bxc3 40. Kxc3 Kf7 41. Na5 Nf6 42. Kd3 Ke8 43. Nb3 Kd8 44. a4 g3 45. Ke2 Kc7 46. a5 Ng8 47. Nd2 Kd8 48. Nb3 Ne7 49. Nd2 Ng6 50. Nb3 Kd7 51. Nd2 Nh8 52. Nb3 Nf7 53. Nd2 Kc7 54. Nb3 Nd8 55. Kd3 Kd7 56. Nd2 Nf7 57. Ke2 Ng5 58. Kf1 Nh7 59. Ke2 Nf6 60. Kd3 Kc7 61. Nb3 Ng8 1/2-1/2

[Event "WTCC-50 2018"]
[Site "Radebeul"]
[Date "2018.07.07"]
[Round "1"]
[White "Barron, Michael"]
[Black "Fuchs, Joachim"]
[Result "1-0"]
[ECO "C78"]
[WhiteElo "2123"]
[BlackElo "1956"]
[Annotator "NA"]
[PlyCount "77"]
[EventDate "2018.07.07"]
[EventType "team-tourn"]
[EventCountry "GER"]
[SourceTitle "playchess.com"]
[Source "ChessBase"]
[SourceQuality "1"]
[TimeControl "40/5400+30:1800+30"]

1. e4 e5 2. Nf3 Nc6 3. Bb5 a6 4. Ba4 Nf6 5. O-O b5 6. Bb3 Be7 7. d4 d6 8. c3 O-O 9. Nbd2 Bg4 10. h3 Bh5 11. g4 Nxg4 12. hxg4 Bxg4 13. Bd5 Qd7 14. dxe5 Bh3 15. Nd4 Nxd4 16. Bxa8 Bxf1 17. Nxf1 Rxa8 18. cxd4 dxe5 19. Be3 exd4 20. Qxd4 Qg4+ 21. Ng3 Rd8 22. Qe5 Bf6 23. Qxc7 Rc8 24. Qf4 Qxf4 25. Bxf4 Bxb2 26. Rd1 h6 27. Nf5 Ba3 28. Bd6 Rd8 29. e5 Bb2 30. Rb1 Bc3 31. Rb3 Bd2 32. Ra3 Ra8 33. Rd3 Be1 34. Kf1 Ba5 35. Rg3 g6 36. Nxh6+ Kg7 37. Nf5+ Kg8 38. Be7 Bd8 39. Bf6 1-0

[Event "WTCC-50 2018"]
[Site "Radebeul"]
[Date "2018.07.07"]
[Round "1"]
[White "Ruether, Rudolf"]
[Black "Yahiaoui, Abdelkrim"]
[Result "1-0"]
[ECO "D53"]
[WhiteElo "2118"]
[BlackElo "2106"]
[Annotator "NA"]
[PlyCount "103"]
[EventDate "2018.07.07"]
[EventType "team-tourn"]
[EventCountry "GER"]
[SourceTitle "playchess.com"]
[Source "ChessBase"]
[SourceQuality "1"]
[TimeControl "40/5400+30:1800+30"]

1. d4 e6 2. c4 d5 3. Nc3 Nf6 4. Bg5 Be7 5. e3 c6 6. Nf3 Nbd7 7. cxd5 exd5 8. Bd3 Nf8 9. Qc2 Ng6 10. O-O O-O 11. Rfe1 Re8 12. Rab1 Bd7 13. b4 a6 14. a4 Ne4 15. Bxe7 Qxe7 16. b5 axb5 17. axb5 Nxc3 18. Qxc3 Qd6 19. bxc6 Bxc6 20. Bxg6 hxg6 21. Ne5 Ra6 22. g3 Rea8 23. Rec1 Ra3 24. Qc5 Qxc5 25. Rxc5 Ra1 26. Rxa1 Rxa1+ 27. Kg2 Ra6 28. Nxc6 bxc6 29. Rc2 Kf8 30. Rb2 Ra7 31. Rb8+ Ke7 32. Rg8 Kf6 33. h4 Re7 34. Rc8 Re6 35. Rc7 Rd6 36. f4 Ke6 37. Kf3 f5 38. Rxg7 Kf6 39. Rc7 Re6 40. Rd7 Re7 41. Rxe7 Kxe7 42. g4 fxg4+ 43. Kxg4 Kf6 44. h5 gxh5+ 45. Kxh5 Kf5 46. Kh4 Ke4 47. Kg3 Kxe3 48. f5 Kxd4 49. f6 c5 50. f7 c4 51. f8=Q c3 52. Qa3 1-0

[Event "WTCC-50 2018"]
[Site "Radebeul"]
[Date "2018.07.07"]
[Round "1"]
[White "Birkholz, Olga"]
[Black "Schulz, Klaus Juergen"]
[Result "0-1"]
[ECO "A48"]
[WhiteElo "2068"]
[BlackElo "2324"]
[Annotator "NA"]
[PlyCount "106"]
[EventDate "2018.07.07"]
[EventType "team-tourn"]
[EventCountry "GER"]
[SourceTitle "playchess.com"]
[Source "ChessBase"]
[SourceQuality "1"]
[TimeControl "40/5400+30:1800+30"]

1. d4 Nf6 2. Nf3 g6 3. Bf4 Bg7 4. Nc3 d5 5. e3 O-O 6. Bd3 c5 7. O-O a6 8. dxc5 Qa5 9. Nd4 Qxc5 10. Nb3 Qc6 11. a4 Nbd7 12. Nd4 Qc5 13. Nb3 Qc6 14. Nd4 Qb6 15. a5 Qa7 16. Nf3 Re8 17. Ne5 Nxe5 18. Bxe5 Be6 19. Bd4 Qb8 20. f4 Ng4 21. Be2 Nxe3 22. Bxe3 d4 23. f5 Bxf5 24. Bf4 e5 25. Bg3 dxc3 26. bxc3 Qc7 27. c4 Rad8 28. Qc1 Qc6 29. Rb1 Rd7 30. Bf2 Qa4 31. Bb6 Qxc2 32. Qxc2 Bxc2 33. Rbc1 Ba4 34. Ra1 Bc6 35. Rad1 Ree7 36. Bc5 Rxd1 37. Rxd1 Rd7 38. Rxd7 Bxd7 39. Bf3 Bc6 40. Kf2 Bxf3 41. Kxf3 f5 42. g4 Kf7 43. h3 Ke6 44. Ke3 Bf6 45. Kf3 Be7 46. Be3 Bb4 47. Bb6 Kd7 48. Kg3 Be1+ 49. Kf3 Kc6 50. Ke2 Bb4 51. gxf5 gxf5 52. Kf3 Bd6 53. Kg3 Bc7 0-1

[Event "WTCC-50 2018"]
[Site "Radebeul"]
[Date "2018.07.07"]
[Round "1"]
[White "Schober, Ralf"]
[Black "Goh, Cheng Hong"]
[Result "1/2-1/2"]
[ECO "A40"]
[WhiteElo "2066"]
[BlackElo "2323"]
[Annotator "NA"]
[PlyCount "42"]
[EventDate "2018.07.07"]
[EventType "team-tourn"]
[EventCountry "GER"]
[SourceTitle "playchess.com"]
[Source "ChessBase"]
[SourceQuality "1"]
[TimeControl "40/5400+30:1800+30"]

1. d4 g6 2. Nf3 Bg7 3. Nc3 c5 4. e4 Qa5 5. Bd2 cxd4 6. Nd5 Qd8 7. Bf4 d6 8. Nxd4 e6 9. Nb5 exd5 10. Nxd6+ Kf8 11. Qxd5 Be6 12. Qxb7 Nd7 13. Rd1 Rb8 14. Qxa7 Bxb2 15. Bc4 Ra8 16. Qb7 Bc3+ 17. Ke2 Nc5 18. Qc6 Qa5 19. Bxe6 Nxe6 20. Be3 Ne7 21. Qb7 Qa6+ 1/2-1/2

[Event "WTCC-50 2018"]
[Site "Radebeul"]
[Date "2018.07.07"]
[Round "1"]
[White "Fraser Mitchell, Jeremy N"]
[Black "Shabalov, Alexander"]
[Result "0-1"]
[ECO "A58"]
[WhiteElo "2060"]
[BlackElo "2570"]
[Annotator "ChessBase"]
[PlyCount "80"]
[EventDate "2018.07.07"]
[EventType "team-tourn"]
[EventCountry "GER"]
[SourceTitle "playchess.com"]
[Source "ChessBase"]
[SourceQuality "1"]
[TimeControl "40/5400+30:1800+30"]

1. d4 Nf6 2. c4 c5 3. d5 b5 4. cxb5 a6 5. bxa6 g6 6. g3 Bg7 7. Bg2 d6 8. Nc3 Bxa6 9. Nh3 O-O 10. O-O Nbd7 11. Re1 Qb6 12. Qc2 Rfb8 13. Ng5 Bc4 14. a4 Qb4 15. Qd2 Bb3 16. e4 Nb6 17. f4 Qd4+ 18. Qxd4 cxd4 19. Nb5 d3 20. a5 Nc4 21. e5 Rxb5 22. exf6 Bxf6 23. Ne4 Bd4+ 24. Kh1 Raxa5 25. Rxa5 Nxa5 26. Nd2 Rc5 27. h3 f5 28. g4 Kf8 29. Kh2 Rc2 30. Rd1 Ba2 31. Kg3 Bxb2 32. Bxb2 Rxb2 33. Bf1 Nc4 34. Nxc4 Bxc4 35. gxf5 gxf5 36. Kh4 Rf2 37. Kg3 Rb2 38. Kh4 Rb5 39. Bxd3 Rxd5 40. Bc2 Rxd1 0-1

[Event "WTCC-50 2018"]
[Site "Radebeul"]
[Date "2018.07.07"]
[Round "1"]
[White "Keller, Harald"]
[Black "Plaskett, H James"]
[Result "0-1"]
[ECO "B25"]
[WhiteElo "2043"]
[BlackElo "2455"]
[Annotator "ChessBase"]
[PlyCount "58"]
[EventDate "2018.07.07"]
[EventType "team-tourn"]
[EventCountry "GER"]
[SourceTitle "playchess.com"]
[Source "ChessBase"]
[SourceQuality "1"]
[TimeControl "40/5400+30:1800+30"]

1. e4 c5 2. Nc3 Nc6 3. d3 g6 4. g3 Bg7 5. Bg2 d6 6. f4 Nf6 7. Nf3 O-O 8. O-O Rb8 9. Ne2 c4 10. h3 Qb6+ 11. Kh2 Be6 12. g4 cxd3 13. cxd3 Rfc8 14. f5 Bd7 15. Nf4 Nb4 16. g5 Ne8 17. fxg6 hxg6 18. a3 Nc2 19. Nd5 Qd8 20. Nh4 Nxa1 21. Rxf7 Kxf7 22. Qf3+ Nf6 23. gxf6 exf6 24. Nf4 Qa5 25. Nd5 Rxc1 26. Qg3 g5 27. Qxd6 Qd8 28. Bf3 Bg4 29. Qg3 gxh4 0-1

[Event "WTCC-50 2018"]
[Site "Radebeul"]
[Date "2018.07.07"]
[Round "1"]
[White "Siebenhuener, Michael"]
[Black "Cummings, David H"]
[Result "0-1"]
[ECO "B40"]
[WhiteElo "2038"]
[BlackElo "2336"]
[Annotator "NA"]
[PlyCount "106"]
[EventDate "2018.07.07"]
[EventType "team-tourn"]
[EventCountry "GER"]
[SourceTitle "playchess.com"]
[Source "ChessBase"]
[SourceQuality "1"]
[TimeControl "40/5400+30:1800+30"]

1. e4 c5 2. Nf3 e6 3. c4 Nc6 4. Nc3 Nd4 5. d3 Ne7 6. Be3 Nec6 7. g3 g6 8. Bg2 Bg7 9. O-O O-O 10. Ne1 d6 11. f4 f5 12. Nf3 Rb8 13. Qd2 a6 14. Rac1 b5 15. b3 Bb7 16. Ne2 Qd7 17. Nfxd4 cxd4 18. Bf2 e5 19. c5 Ne7 20. cxd6 Qxd6 21. fxe5 Bxe5 22. Rcd1 Rbc8 23. Rfe1 Rfd8 24. Nf4 Rc3 25. Ne2 Rc7 26. Nf4 Rdc8 27. Rc1 Rc3 28. Ne2 b4 29. Red1 a5 30. Nxc3 bxc3 31. Qe2 Rf8 32. Rc2 Ba6 33. Re1 Nc6 34. a3 f4 35. g4 Qxa3 36. Ra2 Qxb3 37. Rea1 Rc8 38. Bf1 Nb4 39. Rxa5 Bxd3 40. Qf3 Bxf1 41. Rxf1 Qe6 42. Rb5 Na2 43. Be1 c2 44. Bd2 c1=Q 45. Bxc1 Nxc1 46. Rb1 Na2 47. Qb3 Qxb3 48. Rxb3 Nc3 49. Rb7 Rd8 50. Re7 Bf6 51. Rc7 d3 52. g5 Bd4+ 53. Kg2 d2 0-1

[Event "WTCC-50 2018"]
[Site "Radebeul"]
[Date "2018.07.07"]
[Round "1"]
[White "Kierzek, Mira"]
[Black "Polster, Wolfgang"]
[Result "0-1"]
[ECO "A81"]
[WhiteElo "2029"]
[BlackElo "2203"]
[Annotator "NA"]
[PlyCount "84"]
[EventDate "2018.07.07"]
[EventType "team-tourn"]
[EventCountry "GER"]
[SourceTitle "playchess.com"]
[Source "ChessBase"]
[SourceQuality "1"]
[TimeControl "40/5400+30:1800+30"]

1. d4 f5 2. g3 g6 3. Bg2 Bg7 4. Nf3 Nh6 5. Nc3 O-O 6. O-O d6 7. e4 e6 8. Be3 Nf7 9. exf5 gxf5 10. Qd2 h6 11. Rad1 Nd7 12. Nh4 Nf6 13. Qe2 c6 14. Bf4 Re8 15. Nf3 Qa5 16. Rfe1 Bd7 17. Qc4 b5 18. Qb3 b4 19. Nb1 Nd5 20. Bd2 Qc7 21. c4 bxc3 22. bxc3 Rab8 23. Qa3 a5 24. c4 Nb4 25. Bc3 Nc2 26. Qc1 Nxe1 27. Nxe1 c5 28. d5 Rxb1 29. Qxb1 Bxc3 30. Nd3 e5 31. Qc2 Bd4 32. Ne1 Rb8 33. Nf3 Rb2 34. Qc1 Qb6 35. Nxd4 cxd4 36. Rf1 Rxa2 37. Qd1 Qb2 38. Qh5 Ra1 39. Qg6+ Kf8 40. Bf3 Rxf1+ 41. Kxf1 Qc1+ 42. Kg2 Qg5 0-1

[Event "WTCC-50 2018"]
[Site "Radebeul"]
[Date "2018.07.07"]
[Round "1"]
[White "Guller, Andras"]
[Black "Denk, Adolf"]
[Result "0-1"]
[ECO "B53"]
[WhiteElo "2022"]
[BlackElo "2262"]
[Annotator "NA"]
[PlyCount "118"]
[EventDate "2018.07.07"]
[EventType "team-tourn"]
[EventCountry "GER"]
[SourceTitle "playchess.com"]
[Source "ChessBase"]
[SourceQuality "1"]
[TimeControl "40/5400+30:1800+30"]

1. e4 c5 2. Nf3 d6 3. d4 cxd4 4. Qxd4 a6 5. c4 Nf6 6. Nc3 e6 7. b3 Nbd7 8. Bb2 Qc7 9. Be2 b6 10. Nd2 Bb7 11. Qe3 Be7 12. O-O O-O 13. Kh1 Rfe8 14. f4 Bf8 15. Bf3 Rab8 16. Rac1 Rec8 17. Rfd1 e5 18. f5 Qd8 19. Nf1 Bc6 20. Nd5 b5 21. Nxf6+ Qxf6 22. cxb5 axb5 23. Qe2 Nc5 24. b4 Na4 25. Ba1 Nb6 26. Ne3 Qg5 27. Rc3 Bd7 28. Rdc1 Qd8 29. Rxc8 Rxc8 30. Rxc8 Qxc8 31. Qd2 Be7 32. Qc3 Bg5 33. Nd1 Nc4 34. g3 Qa8 35. h4 Bd2 36. Qc2 Bxf5 37. a4 Be6 38. Bc3 Qxa4 39. Qd3 Bxc3 40. Qxc3 Qa2 41. Kg1 Kf8 42. Nf2 Qa3 43. Nd1 Ke7 44. Kf2 Kd7 45. Be2 Qxc3 46. Nxc3 Kc6 47. Ke1 d5 48. exd5+ Bxd5 49. Bd3 h6 50. Ke2 Nd6 51. Ke3 f5 52. Bf1 g5 53. hxg5 hxg5 54. Bd3 Bc4 55. Bc2 Kd7 56. Kf3 Ke6 57. Ke3 Kf6 58. Kf3 e4+ 59. Ke3 Ke5 {[%emt 0:00:09] Kd4+} 0-1

[Event "WTCC-50 2018"]
[Site "Radebeul"]
[Date "2018.07.07"]
[Round "1"]
[White "Homer, Stephen J"]
[Black "Ehlvest, Jaan"]
[Result "0-1"]
[ECO "B06"]
[WhiteElo "2020"]
[BlackElo "2536"]
[Annotator "ChessBase"]
[PlyCount "96"]
[EventDate "2018.07.07"]
[EventType "team-tourn"]
[EventCountry "GER"]
[SourceTitle "playchess.com"]
[Source "ChessBase"]
[SourceQuality "1"]
[TimeControl "40/5400+30:1800+30"]

1. e4 g6 2. d4 Bg7 3. Nc3 c6 4. Nf3 d5 5. h3 Nh6 6. Bd3 O-O 7. O-O f6 8. Re1 Nf7 9. e5 fxe5 10. dxe5 e6 11. Bf4 c5 12. b3 Nc6 13. Na4 b6 14. c4 Nb4 15. Bf1 dxc4 16. Bxc4 Nd5 17. Bxd5 Qxd5 18. Nc3 Qxd1 19. Raxd1 Bb7 20. Ne4 Rad8 21. Nf6+ Bxf6 22. exf6 Bxf3 23. gxf3 Rxd1 24. Rxd1 Rd8 25. Rxd8+ Nxd8 26. Be5 Nc6 27. f4 Nb4 28. a3 Nd5 29. Kg2 Kf7 30. Kf3 Nxf6 31. b4 cxb4 32. axb4 a6 33. Bd6 Ke8 34. Be5 Ke7 35. Bc3 Nd5 36. Bd4 Kd6 37. Kg4 Nxb4 38. Bxb6 Nc6 39. Kg5 a5 40. Be3 a4 41. Bc1 Ke7 42. Kh6 Kf6 43. Kxh7 Na5 44. h4 Nc4 45. Kh6 Kf5 46. h5 gxh5 47. Kxh5 a3 48. Bxa3 Nxa3 0-1